 Dungeon Crawl Stone Soup version 0.27.0-1-g7a089689b8 (webtiles) character file.

Game seed: 15076079011765420399

51 Malachi the Shield-Bearer (level 3, -4/18 HPs)
             Began as a Vine Stalker Fighter on Aug 12, 2021.
             Was a Follower of Hepliaklqana.
             Slain by a gnoll (6 damage)
             ... on level 2 of the Dungeon.
             The game lasted 00:02:16 (1487 turns).

Malachi the Shield-Bearer (Vine Stalker Fighter)    Turns: 1487, Time: 00:02:17

Health: -4/18      AC:  6    Str: 19    XL:     3   Next: 83%
Magic:  0/4        EV:  7    Int:  8    God:    Hepliaklqana [*.....]
Gold:   32         SH:  9    Dex: 13    Spells: 2/2 levels left

rFire    . . .     SeeInvis .   a - +0 war axe
rCold    . . .     Faith    .   c - +0 kite shield
rNeg     . . .     Spirit   +   b - +0 scale mail
rPois    .         Reflect  .   (no helmet)
rElec    .         Harm     .   (no cloak)
rCorr    .         Rampage  .   (no gloves)
Will     .....                  (no boots)
Stlth    ..........             (no amulet)
HPRegen  0.06/turn              (no ring)
MPRegen  0.09/turn              (no ring)

@: no status effects
A: reduced essence, fangs 2, magic shield, antimagic bite, no potion heal 2
a: Renounce Religion, Recall Ancestor, Ancestor Identity


You were on level 2 of the Dungeon.
You worshipped Hepliaklqana.
Hepliaklqana was aware of your devotion.
You visited 1 branch of the dungeon, and saw 2 of its levels.

You collected 32 gold pieces.

Inventory:

Hand Weapons
 a - a +0 war axe (weapon)
Armour
 b - a +0 scale mail (worn)
 c - a +0 kite shield (worn)
Jewellery
 g - a ring of ice
Scrolls
 f - a scroll of identify {unknown}
 h - a scroll of magic mapping {unknown}
 i - a scroll of amnesia {unknown}
Potions
 d - 2 potions of might
 e - a potion of magic {unknown}


   Skills:
 + Level 3.0 Fighting
 + Level 2.5 Axes
 + Level 2.7 Armour
 + Level 0.1 Dodging
 + Level 3.1 Shields


You had 2 spell levels left.
You didn't know any spells.
Your spell library was empty.

Dungeon Overview and Level Annotations

Branches:
Dungeon (2/15)

Altars:
Hepliaklqana


Innate Abilities, Weirdness & Mutations

Your life essence is reduced to manifest your ancestor. (-10% HP)
You have extremely sharp teeth.
When hurt, damage is shared between your health and your magic reserves.
Your bite disrupts and absorbs the magic of your enemies.
Potions cannot restore your health.


Message History

Unknown command.
You are too injured to fight recklessly!
You are too injured to fight recklessly!
You are too injured to fight recklessly!
You slash the gnoll! You bite the gnoll.
You kill the gnoll!
You see here a +0 club.
You start resting.
Gnaeus emerges from the mists of memory!
You start resting.
HP restored.
There is a stone staircase leading down here.
You swap places.
You see here a +0 club.
You swap places.
You see here a +0 club.
There is a stone staircase leading down here.
You climb downwards.
The gnoll hits you but does no damage.
There is a stone staircase leading up here.
You hit the gnoll.
The gnoll is moderately wounded.
The gnoll hits you with a +0 whip.
Gnaeus hits the gnoll.
The gnoll hits Gnaeus with a +0 whip.
The gnoll hits you with a +0 whip.
You barely miss the gnoll. Your bite misses the gnoll.
The gnoll is moderately wounded.
You slash the gnoll!
Gnaeus hits the gnoll.
The gnoll hits you with a +0 whip. x2
* * * LOW HITPOINT WARNING * * *
Gnaeus barely misses the gnoll.
You are too injured to fight recklessly!
You are too injured to fight recklessly!
Unknown command.
You hit the gnoll. Your bite misses the gnoll.
The gnoll is severely wounded.
You barely miss the gnoll. You block the gnoll's attack.
The gnoll hits you with a +0 whip.
* * * LOW HITPOINT WARNING * * *
Gnaeus hits the gnoll but does no damage.
The hobgoblin hits Gnaeus.
You block the gnoll's attack. The gnoll hits you with a +0 whip!
You die...

#..# #..# #..##
#... #..# ##..#
#.R.###.# #gg@....#
#.g####.## #..#
#... #..####.#
##..#....#
##........### #
#..|........##.####
#.........#.(......
#...##...##.##.####


You could see the friendly Gnaeus the ancestor, 2 gnolls and a hobgoblin.

Vanquished Creatures
  2 gnolls
  2 ball pythons (D:1)
  3 endoplasms (D:1)
  A giant cockroach (D:1)
  5 goblins (D:1)
  3 hobgoblins (D:1)
  3 jackals (D:1)
  2 quokkas (D:1)
  A bat (D:1)
  A frilled lizard (D:1)
  2 kobolds (D:1)
  4 rats (D:1)
29 creatures vanquished.

Vanquished Creatures (others)
  An ancestor (D:2)
  A plant (D:1)
2 creatures vanquished.

Grand Total: 31 creatures vanquished

Notes
Turn   | Place    | Note
-------+----------+-------------------------------------------
     0 | D:1      | Malachi the Vine Stalker Fighter began the quest for the
                  | Orb.
     0 | D:1      | Reached XP level 1. HP: 11/11 MP: 2/2
   213 | D:1      | Reached XP level 2. HP: 13/16 MP: 3/3
   599 | D:1      | Reached XP level 3. HP: 20/20 MP: 4/4
   696 | D:1      | Found a faded altar of an unknown god.
  1233 | D:1      | Became a worshipper of Hepliaklqana the Forgotten
  1233 | D:1      | Reached * piety under Hepliaklqana
  1487 | D:2      | Slain by a gnoll

Illustrated notes

Levels and vault maps discovered:
D:1:      dpeg_arrival_yet_another_circle, layout_loops_ring,
          hellmonk_ecumenical_altar_inner_sanctum, serial_park_tiny_pond,
          serial_bayou_ford_a, chequers_serial_rivers_room_a, minmay_tripent
D:2:      layout_loops_ring, serial_shops, nicolae_shop_waterfront, basic_altar,
          uniq_sigmund

Skill      XL: |  1  2 |
---------------+-------+-----
Fighting       | 3 |  3.0
Axes           | 2 |  2.5
Shields        | 3 |  3.1
Armour         | |  2.7
Dodging        | |  0.1

Action                   || total
-------------------------++-------
Melee: War axe           ||    65
       Bite              ||    12
Invok: Ancestor Identity ||     1
Armor: Scale mail        ||    39
Dodge: Dodged            ||    22
Block: Kite shield       ||    21
